 Dungeon Crawl Stone Soup version 0.11-a0-2037-g9315452 (console) character file.

157 vogonpoet the Ruffian (level 3, -4/33 HPs)
             Began as a Naga Gladiator on May 27, 2012.
             Slain by an adder (5 damage)
             ... on Level 2 of the Dungeon.
             The game lasted 00:04:41 (1514 turns).

vogonpoet the Ruffian (Naga Gladiator)              Turns: 1514, Time: 00:04:41

HP  -4/33        AC  3     Str 17      XL: 3   Next: 85%
MP   2/2         EV  8     Int  9      God:
Gold 105         SH  0     Dex 11      Spells:  0 memorised,  2 levels left

Res.Fire  : . . .   See Invis. : +   a - +0 trident
Res.Cold  : . . .   Warding    : .   b - +0 leather armour
Life Prot.: . . .   Conserve   : .   c - +0 buckler
Res.Poison: +       Res.Corr.  : .   d - +0 helmet
Res.Elec. : .       Clarity    : .   (no cloak)
Sust.Abil.: . .     Spirit.Shd : .   (no gloves)
Res.Mut.  : .       Stasis     : .   (no barding)
Res.Rott. : .       Ctrl.Telep.: .   (no amulet)
Saprovore : . . .   Levitation : .   (no ring) Ctrl.Flight: .
                                     (no ring)

@: confused, very slow, slightly resistant to hostile enchantments, extremely
unstealthy
A: spit poison, constrict 1, see invisible, deformed body, poison resistance,
slowness 2
a: Spit Poison


You were on level 2 of the Dungeon.
You were not hungry.

You visited 1 branch of the dungeon, and saw 2 of its levels.

You collected 85 gold pieces.

Inventory:

Hand weapons
 a - a +0,+0 trident (weapon)
 j - a +2,+0 sling of frost
 o - a -1,+0 orcish dagger
 x - a -1,+1 orcish dagger
Missiles
 e - 3 +0 throwing nets
 i - 33 darts (quivered)
 l - 12 poisoned needles
 v - a poisoned dart
Armour
 b - a +0 leather armour (worn)
 c - a +0 buckler (worn)
 d - a +0 helmet (worn)
Comestibles
 f - 2 bread rations
 k - a choko
 u - a sausage
 w - a chunk of giant newt flesh
 z - a chunk of bat flesh
Scrolls
 g - 2 scrolls of remove curse {unknown}
 h - 2 scrolls of teleportation {unknown}
 m - 2 scrolls of identify {unknown}
 p - a scroll of amnesia {unknown}
 q - a scroll of enchant armour {unknown}
 s - 2 scrolls of enchant weapon II {unknown}
Potions
 r - a potion of cure mutation {unknown}
 t - a potion of heal wounds {unknown}


   Skills:
 - Level 2.0 Fighting
 - Level 3.0 Polearms
 - Level 1.7 Throwing
 - Level 1.5 Dodging
 - Level 1.0 Shields
 * Level 3.2 Unarmed Combat


You had 2 spell levels left.
You didn't know any spells.

Dungeon Overview and Level Annotations

Branches:
Dungeon (2/27)

Altars:


Innate Abilities, Weirdness & Mutations

You cannot wear boots.
You can spit poison.
Your serpentine skin is tough (AC +1).
You have supernaturally acute eyesight.
Armour fits poorly on your strangely shaped body.
Your system is resistant to poisons.
You cover ground very slowly.


Message History

Really slither into that dart trap?
You avoid triggering a dart trap.
The adder bites you.
* * * LOW HITPOINT WARNING * * *
There is a dart trap here.
You see here a dart.
You closely miss the adder.
The adder is heavily wounded.
The adder bites you.
* * * LOW HITPOINT WARNING * * *
You completely miss the adder.
The adder is heavily wounded.
The adder closely misses you.
You miss the adder.
The adder is moderately wounded.
The adder bites you.
* * * LOW HITPOINT WARNING * * *
Drink which item? (? for menu, Esc to quit)
You are confused.
It was a potion of confusion.
The adder bites you.
You die...

#.# ####.# ### #....# ..#
#####.# .. #.####....<#
#..###.##.##..).########
........##.........[....#
........##...###........#
.....#..##@###
#..).....###
.........##S##
#######.....
...........b.# ###.....
###...#.....## #.......
#......##.# #.......
#......##.# #.......
#..##..##.# #....... #..
#..##'# ###..... .
....... ##.....


You could see an adder and a bat.

Vanquished Creatures
  Ijyb (D:2)
  2 oozes (D:1)
  An orc (D:2)
  6 bats
  5 giant cockroaches (D:1)
  2 hobgoblins (D:2)
  2 kobolds (D:2)
  2 giant newts (D:2)
  5 goblins
  3 rats (D:1)
29 creatures vanquished.

Vanquished Creatures (others)
  A ball python (D:2)
  A kobold (D:1)
  A rat (D:2)
3 creatures vanquished.

Grand Total: 32 creatures vanquished

Notes
Turn   | Place    | Note
--------------------------------------------------------------
     0 | D:1      | vogonpoet, the Naga Gladiator, began the quest for the Orb.
     0 | D:1      | Reached XP level 1. HP: 20/20 MP: 0/0
     8 | D:1      | Reached skill level 1 in Unarmed Combat
    78 | D:1      | Killed monsters: 0 trivial, 6 easy, 0 tough, 0 nasty; 2 corpses
    78 | D:1      | Reached XP level 2. HP: 18/27 MP: 1/1
   785 | D:1      | Reached skill level 1 in Shields
  1015 | D:2      | Noticed Ijyb
  1040 | D:2      | Killed Ijyb
  1040 | D:2      | Killed monsters: 5 trivial, 7 easy, 1 tough, 0 nasty; 8 corpses
  1040 | D:2      | Reached XP level 3. HP: 13/33 MP: 2/2
  1513 | D:2      | HP: 1/33 [adder (1)]
  1514 | D:2      | Slain by an adder
  1514 | D:2      | Killed monsters: 12 trivial, 1 easy, 0 tough, 0 nasty; 9 corpses
